 Dungeon Crawl Stone Soup version 0.20.1-1-g8b1a95d (webtiles) character file.

2706 acidapple the Changer (level 9, -46/72 HPs)
             Began as a Demigod Transmuter on Sept 12, 2017.
             Killed from afar by Chisa's ghost (48 damage)
             ... with a stone arrow
             ... on level 8 of the Dungeon.
             The game lasted 00:18:35 (6621 turns).

acidapple the Changer (Demigod Transmuter)          Turns: 6621, Time: 00:18:37

Health: -46/72     AC: 13    Str: 16    XL:     9   Next: 16%
Magic:  22/24      EV: 11    Int: 23    God:
Gold:   249        SH:  5    Dex: 16    Spells: 1/12 levels left

rFire    . . .     SeeInvis .     - Unarmed
rCold    . . .     Gourm    .   n - +0 buckler
rNeg     . . .     Faith    .   f - +1 ring mail
rPois    .         Spirit   .   (no helmet)
rElec    .         Reflect  .   (no cloak)
rCorr    .         Harm     +   y - +2 pair of gloves "Plog" {Str+3}
MR       .....                  h - +0 pair of boots
Stlth    +.........             F - amulet of harm
Regen    0.3/turn               q - ring of magical power
MPRegen  0.2/turn               x - +2 ring of protection

@: appendage
A: horns 2, high mp 1
a: End Transformation


You were on level 8 of the Dungeon.
You were not hungry.
You had grown temporary horns.
You visited 1 branch of the dungeon, and saw 8 of its levels.
You also visited: Sewer.

You collected 327 gold pieces.
You spent 78 gold pieces at shops.

Inventory:

Hand Weapons
 t - a +0 blowgun
Missiles
 u - 7 poisoned needles
 H - 15 arrows
Armour
 b - a +0 robe
 f - a +1 ring mail (worn)
 h - a +0 pair of boots (worn)
 n - a +0 buckler (worn)
 y - the +2 pair of gloves "Plog" (worn) {Str+3}
   (You found it on level 7 of the Dungeon)

   It affects your strength (+3).
Jewellery
 g - a +3 ring of evasion
 q - a ring of magical power (left hand)
 x - a +2 ring of protection (right hand)
 F - an amulet of harm (around neck)
Wands
 r - a wand of disintegration (21/24)
 D - a wand of disintegration (9/24)
 G - a wand of random effects (21/48)
Scrolls
 a - a scroll of amnesia
 e - 5 scrolls of remove curse
 j - 2 scrolls of enchant weapon
 m - a scroll of recharging
 o - a scroll of identify
Potions
 p - a potion of brilliance
 z - a potion of invisibility {unknown}
 B - 2 potions of degeneration {unknown}
 C - a potion of resistance {unknown}
 E - 2 potions of flight
 I - 2 potions of curing
Books
 c - a book of Changes

   Spells                             Type                      Level
   a - Beastly Appendage              Transmutation                1
   b - Sticks to Snakes               Transmutation                2
   c - Spider Form                    Transmutation/Poison         3
   d - Ice Form                       Ice/Transmutation            4
   e - Blade Hands                    Transmutation                5
 i - a book of Misfortune

   Spells                             Type                      Level
   a - Confusing Touch                Hexes                        1
   b - Confuse                        Hexes                        3
   c - Gell's Gravitas                Translocation                3
   d - Petrify                        Transmutation/Earth          4
   e - Metabolic Englaciation         Hexes/Ice                    5
   f - Yara's Violent Unravelling     Hexes/Transmutation          5
Miscellaneous
 v - a box of beasts
Comestibles
 d - 6 bread rations
 l - 2 meat rations
 w - 3 royal jellies
 A - 6 fruits
 K - 2 chunks of flesh


   Skills:
 + Level 4.5 Fighting
 + Level 4.9 Armour
 - Level 1.7 Dodging
 - Level 4.1 Shields
 + Level 6.2 Unarmed Combat
 + Level 2.0 Spellcasting
 * Level 6.5 Transmutations


You had one spell level left.
You knew the following spells:

 Your Spells              Type           Power        Failure   Level  Hunger
a - Beastly Appendage     Tmut           ####..       1%          1    #......
b - Sticks to Snakes      Tmut           ####....     2%          2    ##.....
c - Spider Form           Tmut/Pois      ###.......   19%         3    ###....
d - Blade Hands           Tmut           ####......   41%         5    ######.


Dungeon Overview and Level Annotations

Branches:
Dungeon (8/15)             Temple (0/1) D:6
   Lair: D:8-11

Shops:
D:7 *

Annotations:
D:4 Chisa's ghost, amateur MfIE
D:8 Chisa's ghost, novice GrEE


Innate Abilities, Weirdness & Mutations

You have an increased reservoir of magic. (+10% MP)
You have a pair of horns on your head.


Message History

Chisa's ghost casts a spell at you. The stone arrow hits you!
* * * LOW HITPOINT WARNING * * *
As you read the scroll labeled LOACVO JUARPH, it crumbles to dust.
You feel aware of your surroundings.
It was a scroll of magic mapping.
You feel much better.
Chisa's ghost points at you and mumbles some strange words.
The blast of sand hits you!
* * * LOW HITPOINT WARNING * * *
Chisa's ghost casts a spell at you. The stone arrow hits you!
* * * LOW HITPOINT WARNING * * *
Okay, then.
Casting: Beastly Appendage
Confirm with . or Enter, or press ? or * to list all spells.
You create 2 snakes!
You now have 15 arrows.
Chisa's ghost gestures at you while chanting.
The stone arrow hits you!
Ouch! That really hurt!
You die...

#..............* *#..#.
#.............####.....
#.............#........
#................#.....
#.............#*##.....
#........W...## #......
#...S........# #......
##...S......## ##<.....
#.....@.....# #.......
#......[...## #.......
##[##...[.(# ##.......
#).######## #........
#<.# #........ #..#
##....... #..# ##......
#..#* ###.... #...*
##...


You could see Chisa's ghost and 2 friendly adders.

Vanquished Creatures
  Grinder (D:5)
  A spriggan (D:7)
  Menkaure (D:6)
  2 ice beasts (D:6)
  2 orc warriors
  An ogre (D:5)
  A centaur (D:5)
  2 big kobolds
  5 bullfrogs
  A scorpion (D:6)
  6 killer bees (D:7)
  4 wights (D:8)
  2 howler monkeys
  3 hounds
  2 bullfrog zombies
  2 orc priests
  A bullfrog skeleton (D:6)
  2 orc wizards
  3 worker ants
  A killer bee zombie (D:5)
  2 hound skeletons
  A worker ant zombie (D:6)
  4 adders
  A river rat (Sewer)
  A gnoll (D:3)
  A shadow imp (D:7)
  2 oozes (D:1)
  2 worms (D:3)
  3 dart slugs
  5 leopard geckos
  31 orcs
  A ball python (D:3)
  2 bat zombies (D:7)
  8 giant cockroaches
  13 goblins
  6 hobgoblins
  14 jackals
  18 kobolds
  6 quokkas
  4 bats
  3 frilled lizards
  A jackal skeleton (D:7)
  A leopard gecko skeleton (D:6)
  A leopard gecko zombie (D:6)
  14 rats
  A rat zombie (D:7)
189 creatures vanquished.

Vanquished Creatures (collateral kills)
  A sky beast (D:6)
  Ijyb (D:5)
  A worker ant (D:4)
3 creatures vanquished.

Grand Total: 192 creatures vanquished

Notes
Turn   | Place    | Note
-------+----------+-------------------------------------------
     0 | D:1      | acidapple the Demigod Transmuter began the quest for the Orb.
     0 | D:1      | Reached XP level 1. HP: 15/15 MP: 5/5
   353 | D:1      | Reached XP level 2. HP: 22/22 MP: 7/7
   463 | D:1      | Reached skill level 1 in Armour
   734 | D:2      | Reached XP level 3. HP: 27/27 MP: 8/8
  1099 | D:2      | Learned a level 2 spell: Sticks to Snakes
  1107 | D:2      | Found a shattered altar of Ashenzari.
  1444 | D:3      | Reached XP level 4. HP: 22/34 MP: 9/9
  1932 | D:3      | Found an iron altar of Okawaru.
  2371 | D:4      | Noticed Chisa's ghost (amateur MfIE)
  2449 | D:4      | Reached skill level 1 in Fighting
  2449 | D:4      | Reached XP level 5. HP: 38/40 MP: 10/10
  2610 | D:4      | Reached skill level 1 in Shields
  2718 | D:5      | Entered Level 5 of the Dungeon
  2936 | D:5      | Found a glowing drain.
  2941 | Sewer    | Entered a sewer
  3034 | Sewer    | Reached XP level 6. HP: 12/47 MP: 11/11
  3075 | Sewer    | Found a glowing silver altar of Zin.
  3346 | D:5      | Learned a level 3 spell: Spider Form
  3489 | D:5      | Noticed Grinder
  3497 | D:5      | HP: 2/47 [Grinder (6)]
  3514 | D:5      | Killed Grinder
  3514 | D:5      | Reached XP level 7. HP: 26/55 MP: 6/12
  3570 | D:5      | Noticed Ijyb
  3609 | D:5      | Killed Ijyb
  3631 | D:5      | Found a basalt altar of Yredelemnul.
  3971 | D:6      | Found a staircase to the Ecumenical Temple.
  3980 | D:6      | Noticed Menkaure
  4339 | D:6      | Reached XP level 8. HP: 31/63 MP: 13/13
  4977 | D:6      | Reached skill level 5 in Unarmed Combat
  5119 | D:6      | Reached skill level 5 in Transmutations
  5216 | D:6      | Killed Menkaure
  5590 | D:7      | Got a pair of shimmering gloves
  5596 | D:7      | Identified the +2 pair of gloves "Plog" {Str+3} (You found it on level 7 of the Dungeon)
  6124 | D:7      | Reached XP level 9. HP: 46/72 MP: 14/14
  6176 | D:7      | Learned a level 5 spell: Blade Hands
  6227 | D:7      | Found Jegruhy's General Store.
  6231 | D:7      | Bought a scroll of teleportation for 39 gold pieces
  6231 | D:7      | Bought a potion of curing for 39 gold pieces
  6428 | D:7      | Found an ancient bone altar of Kikubaaqudgha.
  6531 | D:8      | Noticed Chisa's ghost (novice GrEE)
  6574 | D:8      | Found an opulent altar of Gozag.
  6615 | D:8      | HP: 3/72 [Chisa's ghost/stone arrow (22)]
  6621 | D:8      | Killed from afar by Chisa's ghost

Skill      XL: |  1  2  3  4  5  6  7  8  9 |
---------------+----------------------------+-----
Transmutations | 2 3 4 6 |  6.5
Armour         | 1 2 3 4 |  4.9
Unarmed Combat | 3 4 6 |  6.2
Fighting       | 1 2 3 4 |  4.5
Shields        | 3 4 |  4.1
Spellcasting   | 2 |  2.0
Dodging        | |  1.7

Action                   |  1- 3 |  4- 6 |  7- 9 || total
-------------------------+-------+-------+-------++-------
Melee: Unarmed           |   133 |   267 |   363 ||   763
       Headbutt          |    18 |    49 |    61 ||   128
 Fire: Blowgun           |       |     7 |       ||     7
 Cast: Beastly Appendage |    23 |    27 |    30 ||    80
       Sticks to Snakes  |       |     8 |    27 ||    35
       Spider Form       |       |       |     4 ||     4
Evoke: Wand              |       |       |     1 ||     1
  Use: Scroll            |     8 |     5 |     3 ||    16
       Potion            |       |     2 |     8 ||    10
 Stab: Distracted        |       |       |     1 ||     1
  Eat: Chunk             |     2 |     8 |    10 ||    20
       Royal jelly       |       |       |     1 ||     1
       Bread ration      |       |       |     1 ||     1
Armor: Ring mail         |    30 |    73 |   137 ||   240
       Skin              |       |       |     3 ||     3
Dodge: Dodged            |    75 |   197 |   179 ||   451
Block: Buckler           |     8 |    53 |    77 ||   138
